[Event "Titled Tuesday Blitz April 19 Early 2022"]
[White "Sjugirov, Sanan"]
[Black "Cunha, Lucas Aguiar"]
[WhiteFideId "4189302"]
[BlackFideId "2125404"]
[WhiteElo "2602"]
[BlackElo "2361"]
[Result "1-0"]
[Round "03"]
[TimeControl "180+1"]
[Date "2022.04.19"]
[WhiteClock "0:00:05"]
[BlackClock "0:00:15"]

1. e4 c5 2. Nc3 Nc6 3. Nge2 e6 4. d4 cxd4 5. Nxd4 Qc7 6. Qd3 a6 7. Nxc6 dxc6 8. Qg3 e5 9. f4 exf4 10. Bxf4 Qb6 11. O-O-O Be6 12. Be2 Nf6 13. Rhf1 h5 14. Bg5 Qa5 15. e5 Nd7 16. Bf4 h4 17. Qe3 Bc5 18. Qe4 Bb4 19. Nb1 Nc5 20. Qe3 Qxa2 21. Qd4 Qa4 22. Bd2 Bxd2+ 23. Rxd2 Qxd4 24. Rxd4 Rd8 25. Rxd8+ Kxd8 26. Nd2 Kc7 27. Nf3 Nd7 28. h3 Bd5 29. Ng5 Nxe5 30. Rf4 f6 31. Nf3 Nxf3 32. gxf3 Be6 33. Bf1 Kd6 34. Kd2 Ke5 35. Re4+ Kd6 36. Rf4 Bd5 37. c4 Be6 38. Kc3 Rh5 39. b4 Ke7 40. c5 Kf7 41. Rd4 Bd5 42. Rf4 Ke6 43. Kd4 Rh8 44. Ke3 g5 45. Rd4 Re8 46. Kf2 Kf5 47. Bd3+ Ke5 48. Rg4 Be6 49. Re4+ Kd5 50. Bc4# 1-0


[Site "https://www.chess.com"]

[Event "Titled Tuesday Blitz April 19 Early 2022"]
[White "Skytte, Rasmus"]
[Black "Miszler, Levente"]
[WhiteFideId "1404210"]
[BlackFideId "763276"]
[WhiteElo "2430"]
[BlackElo "1966"]
[Result "0-1"]
[Round "03"]
[TimeControl "180+1"]
[Date "2022.04.19"]
[WhiteClock "0:00:33"]
[BlackClock "0:00:44"]

1. e4 e6 2. d4 d5 3. e5 c5 4. c3 Nc6 5. Nf3 Bd7 6. Bd3 f5 7. O-O g6 8. Nbd2 Bg7 9. Bc2 Nge7 10. Nb3 cxd4 11. cxd4 O-O 12. Bd2 h6 13. a4 g5 14. a5 Ng6 15. Nc5 g4 16. Ne1 Nxd4 17. Nxb7 Qc7 18. Nd6 Bxe5 19. Bc3 Nxc2 20. Qxc2 Qxd6 21. Bxe5 Nxe5 22. Nd3 Rac8 23. Qd2 Nxd3 24. Qxd3 Qe5 25. Qa6 Rc7 26. Rac1 Rfc8 27. Rxc7 Qxc7 28. b4 Rb8 29. Rb1 Qc2 30. Ra1 Rxb4 31. Qxa7 Rb1+ 32. Rxb1 Qxb1# 0-1


[Site "https://www.chess.com"]

[Event "Titled Tuesday Blitz April 19 Early 2022"]
[White "Sliwicki, Damian"]
[Black "Horobetz, Graham"]
[WhiteFideId "1127128"]
[BlackFideId "2047322"]
[WhiteElo "2084"]
[BlackElo "2600"]
[Result "0-1"]
[Round "03"]
[TimeControl "180+1"]
[Date "2022.04.19"]
[WhiteClock "0:00:28"]
[BlackClock "0:00:31"]

1. e4 c5 2. Nf3 d6 3. d4 cxd4 4. Qxd4 Nc6 5. Bb5 Bd7 6. Bxc6 Bxc6 7. Nc3 Nf6 8. Bg5 e6 9. O-O-O Be7 10. Kb1 h6 11. Bh4 Qa5 12. Rhe1 g5 13. Bg3 e5 14. Qc4 Rc8 15. Nd5 Nxd5 16. exd5 Bd7 17. Qd3 O-O 18. h4 f5 19. Nd2 Bf6 20. hxg5 hxg5 21. Rh1 e4 22. Qe3 Qb4 23. Nb3 f4 24. Bxf4 gxf4 25. Qxf4 Bg7 26. Qh4 Bf5 27. g4 Bg6 28. Qg5 Rf6 29. Nd4 e3 30. Nf5 Rxf5 0-1


[Site "https://www.chess.com"]

[Event "Titled Tuesday Blitz April 19 Early 2022"]
[White "Smietanska, Wiktoria"]
[Black "Yanayt, Eugene"]
[WhiteFideId "21869359"]
[BlackFideId "2020165"]
[WhiteElo "1893"]
[BlackElo "2046"]
[Result "0-1"]
[Round "03"]
[TimeControl "180+1"]
[Date "2022.04.19"]
[WhiteClock "0:00:19"]
[BlackClock "0:00:08"]

1. c4 e5 2. Nc3 Nc6 3. Nf3 g6 4. d4 d6 5. g3 Bg7 6. Bg2 Nf6 7. O-O O-O 8. e4 exd4 9. Nxd4 Re8 10. Re1 Nxd4 11. Qxd4 Nxe4 12. Qe3 Nf6 13. Qd2 Be6 14. b3 c6 15. Bb2 Qd7 16. Rad1 Rad8 17. Na4 b5 18. cxb5 cxb5 19. Nc3 d5 20. Bf1 a6 21. Ne2 Ne4 22. Qc2 Rc8 23. Qb1 Qa7 24. Nd4 Bf5 25. Qa1 Bg4 26. Rc1 Nd2 27. Bg2 Ne4 28. Bxe4 dxe4 29. Nc6 Rxc6 30. Rxc6 e3 31. Kg2 Qb7 32. Rc1 Bxb2 33. Qxb2 Bd7 34. Qc2 Rc8 35. fxe3 Rxc6 36. Qe4 Rc7 37. Qxb7 Rxb7 38. Rc5 Be6 39. Kf3 a5 40. e4 a4 41. b4 Bxa2 42. Rc8+ Kg7 43. Kf4 Bb1 44. Kg5 a3 45. Ra8 a2 46. h4 Re7 47. g4 Rxe4 48. h5 h6+ 49. Kh4 g5+ 50. Kg3 Rxb4 0-1


[Site "https://www.chess.com"]

[Event "Titled Tuesday Blitz April 19 Early 2022"]
[White "Sovetbekova, Nurai"]
[Black "Bas Mas, Jose Joaquin"]
[WhiteFideId "13801910"]
[BlackFideId "22219064"]
[WhiteElo "1538"]
[BlackElo "2212"]
[Result "0-1"]
[Round "03"]
[TimeControl "180+1"]
[Date "2022.04.19"]
[WhiteClock "0:00:16"]
[BlackClock "0:01:07"]

1. d4 f5 2. c4 Nf6 3. Nf3 e6 4. g3 Bb4+ 5. Nbd2 O-O 6. Bg2 d6 7. O-O Nc6 8. a3 Bxd2 9. Bxd2 Ne4 10. d5 Ne7 11. Bc3 Nxc3 12. bxc3 e5 13. c5 Ng6 14. cxd6 cxd6 15. e4 f4 16. c4 Bg4 17. Rc1 b6 18. a4 Qd7 19. a5 Rf7 20. axb6 axb6 21. Qb3 fxg3 22. fxg3 Raf8 23. Nd2 Qc7 24. Rxf7 Rxf7 25. Rb1 Qc5+ 26. Kh1 Rf2 27. Nf1 Be2 28. Ne3 Bf3 29. Rf1 Bxg2+ 30. Kg1 Rxf1+ 31. Kxg2 Re1 32. Kf2 Qxe3+ 0-1


[Site "https://www.chess.com"]

[Event "Titled Tuesday Blitz April 19 Early 2022"]
[White "Starosta, Martyna"]
[Black "Lehtosaari, Mauri"]
[WhiteFideId "21818754"]
[BlackFideId "501999"]
[WhiteElo "1716"]
[BlackElo "2541"]
[Result "0-1"]
[Round "03"]
[TimeControl "180+1"]
[Date "2022.04.19"]
[WhiteClock "0:00:31"]
[BlackClock "0:00:20"]

1. c4 c6 2. d4 d5 3. Nc3 Nf6 4. Nf3 dxc4 5. e4 b5 6. a4 b4 7. Na2 e6 8. e5 Nd5 9. Bxc4 Be7 10. O-O O-O 11. Bd2 a5 12. Nc1 Bb7 13. Nd3 Nd7 14. Bb3 c5 15. dxc5 Nxc5 16. Nxc5 Bxc5 17. Rc1 Rc8 18. Qe2 Ne7 19. Bg5 Qb6 20. Bc2 Ng6 21. h4 h6 22. Bd2 Bxf3 23. Qxf3 Nxh4 24. Qg4 Nf5 25. Bxf5 exf5 26. Qxf5 Qe6 27. Qxe6 fxe6 28. Be3 Bxe3 29. fxe3 Rxf1+ 30. Rxf1 Rc2 31. Rf2 Rxf2 32. Kxf2 Kf7 33. Kf3 Kg6 34. Kf4 Kh5 35. g3 g6 36. b3 g5+ 37. Kf3 Kg6 38. e4 h5 39. Kg2 Kf7 40. Kf3 Ke7 41. Ke3 Kd7 42. Kd3 Kc6 43. Ke3 Kc5 44. Kd3 h4 45. gxh4 gxh4 46. Ke3 h3 47. Kf2 Kd4 48. Kg3 Kxe4 49. Kxh3 Kxe5 50. Kg3 Kd4 51. Kf4 Kc3 52. Ke5 Kxb3 53. Kxe6 Kxa4 54. Kd5 Kb3 55. Kd4 a4 56. Kd3 Kb2 57. Kc4 b3 58. Kb4 a3 59. Kc4 a2 60. Kd3 a1=Q 61. Kd2 Qc1+ 62. Kd3 Qc2+ 63. Kd4 Qc3+ 64. Ke4 Kc2 0-1


[Site "https://www.chess.com"]

[Event "Titled Tuesday Blitz April 19 Early 2022"]
[White "Stelmaszyk, Nico"]
[Black "Fernandez Hernandez, Gerardo"]
[WhiteFideId "16200462"]
[BlackFideId "2207400"]
[WhiteElo "2119"]
[BlackElo "2089"]
[Result "1-0"]
[Round "03"]
[TimeControl "180+1"]
[Date "2022.04.19"]
[WhiteClock "0:01:02"]
[BlackClock "0:00:08"]

1. e4 e6 2. Nf3 d5 3. Nc3 Nf6 4. e5 Nfd7 5. d4 c5 6. dxc5 Nc6 7. Bf4 Bxc5 8. Bd3 f6 9. exf6 Qxf6 10. Bg5 Qf7 11. O-O O-O 12. Qe2 a6 13. Bh4 h6 14. Bg3 Nd4 15. Nxd4 Bxd4 16. Rae1 Nc5 17. Qd2 Nxd3 18. Qxd3 Qf6 19. Re2 Bd7 20. Rfe1 Bxc3 21. Qxc3 Qxc3 22. bxc3 Rac8 23. Be5 Rc4 24. f4 Ra4 25. Rb1 Bb5 26. Re3 Rxa2 27. Rg3 Rf7 28. Re1 Rxc2 29. Bd4 Re2 30. Rxe2 Bxe2 31. Re3 Bg4 32. h3 Bf5 33. g4 Be4 34. Be5 b5 35. Re1 a5 36. Ra1 a4 37. Kf2 g5 38. Ke3 Ra7 39. Bd6 gxf4+ 40. Kxf4 Kf7 41. Ke5 Ra6 42. Ba3 Rc6 43. Rf1+ Ke8 44. Rf8+ Kd7 45. Rf7+ Kc8 46. Bb4 a3 47. Ra7 Bg2 48. h4 Bh3 49. g5 hxg5 50. hxg5 Bf5 51. Rxa3 Rc7 52. Ra8+ Kb7 53. Rg8 Rc4 54. g6 d4 55. g7 Bh7 56. Rh8 dxc3 57. Rxh7 1-0


[Site "https://www.chess.com"]

[Event "Titled Tuesday Blitz April 19 Early 2022"]
[White "Suarez Uriel, Adrian"]
[Black "Brodowski, Piotr"]
[WhiteFideId "22230874"]
[BlackFideId "1124480"]
[WhiteElo "2316"]
[BlackElo "2422"]
[Result "0-1"]
[Round "03"]
[TimeControl "180+1"]
[Date "2022.04.19"]
[WhiteClock "0:01:01"]
[BlackClock "0:00:07"]

1. e4 d6 2. d4 g6 3. Nc3 Bg7 4. Nf3 a6 5. a4 Nd7 6. Be2 c5 7. O-O cxd4 8. Nxd4 Ngf6 9. a5 O-O 10. Be3 Nc5 11. f3 Bd7 12. b4 Ne6 13. Nd5 Bc6 14. c4 Bxd5 15. cxd5 Nxd4 16. Bxd4 Rc8 17. Qd2 Nd7 18. Rac1 Bxd4+ 19. Qxd4 Rc7 20. Qd2 Qb8 21. Rxc7 Qxc7 22. Rc1 Qb8 23. Qc3 Nf6 24. Qc7 Qa7+ 25. Qb6 Qxb6+ 26. axb6 Rb8 27. Rc7 Kf8 28. Bd1 Ne8 29. Rd7 Nf6 30. Rc7 Ne8 31. Rc4 Nf6 32. Ba4 g5 33. Rc7 h5 34. Bc6 bxc6 35. b7 Ne8 36. Rd7 cxd5 37. exd5 Nf6 38. Rc7 Kg7 39. Rxe7 Nxd5 40. Rd7 Nxb4 41. Rxd6 Rxb7 42. Rd4 a5 0-1


[Site "https://www.chess.com"]

[Event "Titled Tuesday Blitz April 19 Early 2022"]
[White "Subaste, Arman"]
[Black "Demin, Vladimir"]
[WhiteFideId "5221080"]
[BlackFideId "4167457"]
[WhiteElo "1856"]
[BlackElo "2398"]
[Result "1-0"]
[Round "03"]
[TimeControl "180+1"]
[Date "2022.04.19"]
[WhiteClock "0:00:12"]
[BlackClock "0:00:04"]

1. d4 Nf6 2. Nf3 d5 3. c4 e6 4. g3 Be7 5. Bg2 O-O 6. O-O dxc4 7. Qc2 b5 8. Ne5 Nd5 9. b3 cxb3 10. axb3 Bb7 11. Nc3 a6 12. e4 Nb4 13. Qd2 Nd7 14. Nxd7 Qxd7 15. d5 Rad8 16. Rd1 exd5 17. exd5 Rfe8 18. Bb2 Bf6 19. Ne4 Bxb2 20. Qxb2 Nxd5 21. Nc5 Qc6 22. b4 Qb6 23. Qb3 c6 24. Rd4 Bc8 25. Rad1 a5 26. Bxd5 cxd5 27. Rxd5 a4 28. Qc3 Rxd5 29. Rxd5 h6 30. Qd4 Bh3 31. f3 Qg6 32. Ne4 Qa6 33. Rd6 Qc8 34. Nc5 Re1+ 35. Kf2 Qe8 36. Ne4 Rf1+ 37. Ke3 Kh7 38. Qd5 f5 39. Rd8 Re1+ 40. Kd2 Qe7 41. Kxe1 fxe4 42. Qxe4+ Qxe4+ 43. fxe4 Be6 44. Kd2 Kg6 45. Rd6 Kf7 46. Rb6 Bc4 47. Kc3 a3 48. Ra6 a2 49. Kd4 h5 50. h4 Ke7 51. Ke5 Kf7 52. Kf5 Ke7 53. e5 Kd7 54. Kg5 Kc7 55. Kxh5 Kb7 56. Ra5 Kc6 57. Kg6 Kd5 58. Kxg7 Kxe5 59. h5 Kd4 60. h6 1-0


[Site "https://www.chess.com"]

[Event "Titled Tuesday Blitz April 19 Early 2022"]
[White "Sukandar, Irine Kharisma"]
[Black "Samarth, J Rao"]
[WhiteFideId "7101937"]
[BlackFideId "46652370"]
[WhiteElo "2293"]
[BlackElo "1514"]
[Result "0-1"]
[Round "03"]
[TimeControl "180+1"]
[Date "2022.04.19"]
[WhiteClock "0:00:10"]
[BlackClock "0:00:20"]

1. d4 d5 2. Bf4 Nf6 3. e3 c5 4. Nc3 a6 5. Nf3 e6 6. Bd3 c4 7. Be2 b5 8. O-O Nc6 9. Ne5 Bb7 10. Bf3 Be7 11. Re1 O-O 12. Nxc6 Bxc6 13. e4 dxe4 14. Nxe4 Nd5 15. Bd2 Qb6 16. c3 Rfd8 17. a3 Rac8 18. Qc2 h6 19. Ng3 Nf6 20. Bxc6 Qxc6 21. Re2 h5 22. Rae1 h4 23. Nf5 Bf8 24. Nxh4 Rd5 25. Nf3 Rh5 26. Re5 Rh8 27. Bg5 Ng4 28. R5e4 Nf6 29. Bxf6 gxf6 30. Rg4+ Bg7 31. Rg3 Qd5 32. Qe4 Qxe4 33. Rxe4 f5 34. Re2 Kf8 35. Ne5 Rc7 36. Rge3 Bh6 37. Rh3 Bg7 38. Rxh8+ Bxh8 39. f4 Bf6 40. g3 Be7 41. Kg2 Kg7 42. Kf3 f6 43. Nxc4 bxc4 44. Rxe6 a5 45. Ra6 Rb7 46. Rxa5 Rxb2 47. Ra4 Rb3 48. Rxc4 Rxa3 49. Ke3 Ra2 50. h4 Ba3 51. Rc7+ Kg6 52. c4 Bc1+ 53. Kf3 Ra3+ 54. Kg2 Be3 55. d5 Ra2+ 56. Kf1 Rd2 57. Rc6 Kh5 58. Rxf6 Kg4 59. Ke1 Kf3 60. Re6 Rc2 61. Rxe3+ Kxe3 62. Kd1 Rxc4 63. h5 Rd4+ 64. Kc2 Rxd5 65. h6 Rd7 66. h7 Rxh7 67. Kd1 Rg7 68. Kc2 Rxg3 69. Kd1 Rf3 70. Ke1 Rxf4 71. Kd1 Rc4 72. Ke1 Rc1# 0-1


[Site "https://www.chess.com"]

[Event "Titled Tuesday Blitz April 19 Early 2022"]
[White "Svane, Frederik"]
[Black "Gubajdullin, Alexei"]
[WhiteFideId "12923044"]
[BlackFideId "4141202"]
[WhiteElo "2459"]
[BlackElo "2266"]
[Result "0-1"]
[Round "03"]
[TimeControl "180+1"]
[Date "2022.04.19"]
[WhiteClock "0:00:02"]
[BlackClock "0:00:40"]

1. c4 e6 2. Nf3 d5 3. e3 g6 4. h4 h6 5. Nc3 Bg7 6. b3 Ne7 7. Bb2 O-O 8. Be2 c5 9. cxd5 exd5 10. d4 Qa5 11. O-O Bg4 12. Qd2 Bxf3 13. Bxf3 cxd4 14. exd4 Nbc6 15. Rfe1 Rad8 16. Rad1 Nf5 17. a3 Nxh4 18. Bxd5 Rxd5 19. b4 Qd8 20. Nxd5 Qxd5 21. f3 Rd8 22. Qf2 Nf5 23. Re4 Nfxd4 24. Rde1 Qb3 25. R4e3 Qxb2 26. Qxb2 Nxf3+ 27. gxf3 Bxb2 28. Re8+ Rxe8 29. Rxe8+ Kg7 30. b5 Nd4 31. Re7 Bxa3 32. Rxb7 Bc5 33. Kg2 Bb6 34. f4 Nxb5 35. Kf3 h5 36. Rd7 Kf6 37. Ke4 Ke6 38. Rd3 h4 39. Rh3 Nd6+ 40. Kd3 Bf2 41. Ke2 Bg3 42. Kf3 a5 43. Rh1 Kd5 44. Ra1 Nc4 45. Kg4 Kc5 46. Kg5 Kb4 47. Rb1+ Kc3 48. Ra1 h3 49. Kg4 Bf2 50. Kxh3 Kb2 51. Rf1 Bd4 52. Kg4 a4 53. f5 gxf5+ 54. Rxf5 f6 55. Rf4 Kc3 56. Rf3+ Kb4 57. Rf4 Be5 58. Rf1 a3 59. Rb1+ Bb2 0-1


[Site "https://www.chess.com"]

[Event "Titled Tuesday Blitz April 19 Early 2022"]
[White "Swicarz, Maciej"]
[Black "Petrova, Irina"]
[WhiteFideId "1113585"]
[BlackFideId "14124122"]
[WhiteElo "2057"]
[BlackElo "1993"]
[Result "1-0"]
[Round "03"]
[TimeControl "180+1"]
[Date "2022.04.19"]
[WhiteClock "0:00:13"]
[BlackClock "0:00:01"]

1. e4 c5 2. Nc3 Nc6 3. Bb5 g6 4. Bxc6 dxc6 5. f4 Bg7 6. Nf3 Nf6 7. d3 O-O 8. O-O b6 9. Kh1 Ba6 10. Ne5 Qc7 11. Qe2 Rfd8 12. Be3 Nd7 13. Nf3 Nf8 14. Rad1 Ne6 15. e5 Nd4 16. Bxd4 cxd4 17. Ne4 c5 18. b3 Bb7 19. a4 f6 20. exf6 exf6 21. f5 Re8 22. Nfd2 Qd7 23. Qf2 g5 24. h4 h6 25. g4 Re5 26. Rde1 Rae8 27. Kh2 Qc7 28. Kh3 Kf7 29. Re2 a6 30. h5 Bf8 31. Rfe1 b5 32. axb5 axb5 33. Nf3 R5e7 34. Nfd2 c4 35. bxc4 bxc4 36. dxc4 Bxe4 37. Nxe4 Re5 38. Qxd4 Rd8 39. Qc3 Qc6 40. Ng3 Rxe2 41. Rxe2 Rd6 42. c5 Rd8 43. Re6 Be7 44. Rd6 Rxd6 45. Qb3+ Kg7 46. cxd6 Qxd6 47. Qe3 Qc7 48. c3 Qb7 49. c4 Bd6 50. Ne4 Be5 51. c5 Qb1 52. Qf3 Qc2 53. Qg2 Qb3+ 54. Ng3 1-0


[Site "https://www.chess.com"]

[Event "Titled Tuesday Blitz April 19 Early 2022"]
[White "Sztokbant, Bernardo Vainzoff"]
[Black "Horcajuelo Rocamora, Martin"]
[WhiteFideId "2115956"]
[BlackFideId "24573027"]
[WhiteElo "2225"]
[BlackElo "1822"]
[Result "0-1"]
[Round "03"]
[TimeControl "180+1"]
[Date "2022.04.19"]
[WhiteClock "0:00:04"]
[BlackClock "0:00:23"]

1. e4 e5 2. Nf3 Nc6 3. Bb5 Nf6 4. O-O Nxe4 5. d4 Nd6 6. Bxc6 dxc6 7. dxe5 Nf5 8. Qxd8+ Kxd8 9. Nc3 Bd7 10. Rd1 Kc8 11. h3 Be7 12. Ne2 Rd8 13. Bg5 h6 14. Bxe7 Nxe7 15. Nf4 b6 16. c3 Kb7 17. Rd2 Bf5 18. Rad1 Rxd2 19. Rxd2 c5 20. Nh5 g6 21. Nf6 Nc6 22. g4 Be6 23. a3 a5 24. Kg2 Ne7 25. h4 Kc6 26. Kg3 Nd5 27. Ne4 Re8 28. a4 Re7 29. c4 Nb4 30. b3 Rd7 31. Rxd7 Kxd7 32. Kf4 Nd3+ 33. Kg3 Ke7 34. g5 h5 35. Ned2 Bf5 36. Nf1 Ke6 37. Ne3 c6 38. Nd2 Nxe5 39. Kf4 Nd3+ 40. Kf3 Ke5 41. Nc2 Nf4 42. Ne1 Bg4+ 43. Ke3 Ne6 44. f3 Bf5 45. Ng2 Nd4 46. Ne1 Bc2 47. f4+ Kf5 0-1


[Site "https://www.chess.com"]

[Event "Titled Tuesday Blitz April 19 Early 2022"]
[White "Tanenbaum, Zachary"]
[Black "Shimanov, Aleksandr"]
[WhiteFideId "2060850"]
[BlackFideId "4198603"]
[WhiteElo "2168"]
[BlackElo "2636"]
[Result "0-1"]
[Round "03"]
[TimeControl "180+1"]
[Date "2022.04.19"]
[WhiteClock "0:00:10"]
[BlackClock "0:00:36"]

1. e4 c6 2. d4 d5 3. exd5 cxd5 4. Bd3 Nf6 5. c3 Bg4 6. Qb3 Qc7 7. Bg5 e6 8. Nd2 Nc6 9. Ngf3 Bd6 10. Bh4 Nh5 11. Bg3 Nf4 12. Bxf4 Bxf4 13. g3 Bd6 14. O-O h5 15. Rfe1 O-O-O 16. Kg2 h4 17. Nxh4 g5 18. Nhf3 Bh3+ 19. Kg1 Rh5 20. c4 g4 21. Ne5 Nxd4 22. Qa4 Rxe5 23. cxd5 Rxe1+ 24. Rxe1 e5 25. Qxa7 Bc5 26. Qa8+ Kd7 27. Qa4+ Ke7 28. Be4 Kf8 29. Qc4 Qb6 30. Qd3 Nf3+ 31. Nxf3 Bxf2+ 32. Kh1 gxf3 33. Bxf3 Bxe1 34. Qh7 Qf6 35. Qxh3 Qxf3+ 0-1


[Site "https://www.chess.com"]

[Event "Titled Tuesday Blitz April 19 Early 2022"]
[White "Terzi, Alexei"]
[Black "Petrosyan, Manuel"]
[WhiteFideId "13505076"]
[BlackFideId "13300857"]
[WhiteElo "2031"]
[BlackElo "2592"]
[Result "0-1"]
[Round "03"]
[TimeControl "180+1"]
[Date "2022.04.19"]
[WhiteClock "0:00:07"]
[BlackClock "0:00:32"]

1. e4 c6 2. d4 d5 3. exd5 cxd5 4. Bd3 Nc6 5. c3 Nf6 6. Bf4 Bg4 7. Qb3 Qd7 8. Nd2 e6 9. Ngf3 Bd6 10. Bxd6 Qxd6 11. O-O O-O 12. Rae1 Ne7 13. Ne5 Bf5 14. Qc2 Rac8 15. Bxf5 Nxf5 16. Qd3 b5 17. a3 a5 18. g4 Ne7 19. Re3 b4 20. axb4 axb4 21. Rh3 bxc3 22. bxc3 Ng6 23. f4 Rc7 24. g5 Nd7 25. Qf3 Rfc8 26. Qh5 Ndf8 27. Rff3 Qa3 28. Ng4 Rxc3 29. Nf6+ gxf6 30. gxf6 Rxf3 31. Rxf3 Qa1+ 32. Kg2 Qxd4 33. Nf1 Qxf6 0-1


[Site "https://www.chess.com"]

[Event "Titled Tuesday Blitz April 19 Early 2022"]
[White "Tillyaev, Ulugbek"]
[Black "Sarkar, Justin"]
[WhiteFideId "14202441"]
[BlackFideId "2010011"]
[WhiteElo "2377"]
[BlackElo "2038"]
[Result "1/2-1/2"]
[Round "03"]
[TimeControl "180+1"]
[Date "2022.04.19"]
[WhiteClock "0:00:20"]
[BlackClock "0:00:03"]

1. e4 c5 2. d4 cxd4 3. c3 dxc3 4. Nxc3 Nc6 5. Nf3 e6 6. Bf4 Bb4 7. Bd3 Nge7 8. O-O Bxc3 9. bxc3 d5 10. e5 Ng6 11. Bg3 f5 12. exf6 Qxf6 13. c4 dxc4 14. Bxc4 O-O 15. Re1 Kh8 16. Qd6 e5 17. Qc7 Bg4 18. Nd2 Nd4 19. Ne4 Qc6 20. Qxc6 bxc6 21. Rac1 Rab8 22. f3 Bxf3 23. gxf3 Nxf3+ 24. Kg2 Nxe1+ 25. Rxe1 Rb2+ 26. Kh3 Nf4+ 27. Kg4 Ng2 28. Re2 Rxe2 29. Bxe2 Nf4 30. Bc4 h6 31. Nd6 Rf6 32. Nf7+ Kh7 33. Nxe5 g5 34. Bd3+ Kg7 35. Bxf4 Rxf4+ 36. Kg3 Ra4 37. Bc4 Ra3+ 38. Bb3 c5 39. Nc4 Ra6 40. h4 Rf6 41. Ne3 Rf4 42. hxg5 hxg5 43. Nd5 Rd4 44. Ne3 Rd3 45. Kf2 Rd2+ 46. Kf3 a5 47. Ke4 Rb2 48. Nc4 Rf2 49. Nxa5 g4 50. Ke3 g3 51. Bd5 Rxa2 52. Bxa2 Kf6 53. Kf3 Ke5 54. Kxg3 Kd4 55. Kf4 Kc3 56. Ke3 Kb2 57. Bc4 Kc3 58. Be6 Kb4 59. Nc4 Kc3 60. Ke4 Kb4 61. Kd5 Kc3 62. Kxc5 Kd3 63. Kd5 Kc3 64. Bf5 Kb3 65. Kd4 Kb4 66. Bd7 Kb3 67. Ne3 Kb2 68. Kd3 Kc1 69. Nc4 Kb1 70. Kc3 Ka1 71. Ba4 Kb1 72. Bc2+ Ka1 73. Bb3 Kb1 74. Kb4 Ka1 75. Ka3 Kb1 76. Ba4 Ka1 77. Na5 Kb1 78. Kb3 Ka1 79. Kc2 Ka2 80. Nc4 Ka1 81. Nd2 Ka2 82. Bb3+ Ka1 83. Ba4 Ka2 84. Kc3 Ka1 85. Nb3+ Kb1 86. Bc6 Ka2 87. Bd5 Kb1 88. Nd2+ Ka1 89. Nc4 Kb1 90. Na3+ Ka1 91. Nc2+ Kb1 92. Bb3 Kc1 93. Ba2 Kd1 94. Kd3 Kc1 95. Kc3 Kd1 96. Nd4 Ke1 97. Kd3 Kd1 98. Ne2 Ke1 99. Bd5 Kf2 100. Kd2 Kf1 101. Nf4 Kf2 102. Be4 Kg3 103. Ke3 Kg4 104. Ne6 Kh5 105. Kf4 Kh6 106. Bf5 Kh5 107. Ng5 Kh6 108. Ne6 Kh5 109. Be4 Kh6 110. Ke5 Kh5 111. Kf6 Kh6 112. Nf4 1/2-1/2


[Site "https://www.chess.com"]

[Event "Titled Tuesday Blitz April 19 Early 2022"]
[White "Timofeev, Artyom"]
[Black "Nozdrachev, Leonid"]
[WhiteFideId "4140419"]
[BlackFideId "24113433"]
[WhiteElo "2594"]
[BlackElo "2242"]
[Result "1-0"]
[Round "03"]
[TimeControl "180+1"]
[Date "2022.04.19"]
[WhiteClock "0:02:02"]
[BlackClock "0:01:47"]

1. e4 d6 2. d4 Nf6 3. Nc3 e5 4. Nf3 Nbd7 5. h3 Be7 6. Be3 O-O 7. Be2 c6 8. O-O b5 9. a3 Bb7 10. Re1 Qc7 11. Nh4 Rfe8 12. Nf5 Bf8 13. dxe5 dxe5 14. Bd3 a5 15. Qf3 g6 16. Nh6+ Kg7 17. Ne2 Bc5 18. Bg5 Rf8 19. Ng3 Ng8 20. Nxg8 Rxg8 21. Rad1 b4 22. axb4 axb4 23. Bc4 Rgf8 24. Rxd7 1-0


[Site "https://www.chess.com"]

[Event "Titled Tuesday Blitz April 19 Early 2022"]
[White "Tristan, Leonardo"]
[Black "Avalos Parra, Joao"]
[WhiteFideId "113816"]
[BlackFideId "3402541"]
[WhiteElo "2404"]
[BlackElo "2173"]
[Result "0-1"]
[Round "03"]
[TimeControl "180+1"]
[Date "2022.04.19"]
[WhiteClock "0:01:18"]
[BlackClock "0:00:29"]

1. d4 d5 2. Nf3 Nf6 3. Bf4 c6 4. e3 Bf5 5. c4 e6 6. Nc3 Nbd7 7. Qb3 Qb6 8. c5 Qxb3 9. axb3 Nh5 10. b4 Nxf4 11. exf4 Be7 12. b5 O-O 13. Kd2 Rfe8 14. Bd3 Bxd3 15. Kxd3 Bd8 16. Ra4 Bc7 17. Rha1 Bb8 18. bxc6 bxc6 19. Ra6 Rc8 20. g3 f6 21. b4 Kf8 22. b5 cxb5 23. Rxe6 Rxc5 24. Rea6 Rc8 25. Nxd5 Rd8 26. Ke4 Re8+ 27. Kf5 Kf7 28. Kg4 Re2 29. Nh4 Rxf2 30. Nf5 Rxh2 31. Nd6+ Bxd6 32. Rxd6 Nf8 33. Nc7 Rc8 34. Rxa7 h5+ 35. Kf3 Kg6 36. d5 b4 37. Rb6 Rd2 38. Rxb4 Nd7 39. Ne6 Rc3+ 40. Ke4 f5# 0-1


[Site "https://www.chess.com"]

[Event "Titled Tuesday Blitz April 19 Early 2022"]
[White "Trost, Edvin"]
[Black "Lauridsen, Jesper Morch"]
[WhiteFideId "1729519"]
[BlackFideId "1401890"]
[WhiteElo "2160"]
[BlackElo "2250"]
[Result "1-0"]
[Round "03"]
[TimeControl "180+1"]
[Date "2022.04.19"]
[WhiteClock "0:00:56"]
[BlackClock "0:01:03"]

1. d4 d5 2. c4 e6 3. Nc3 c5 4. cxd5 exd5 5. Nf3 Nc6 6. e3 Nf6 7. dxc5 Bxc5 8. Be2 O-O 9. O-O a6 10. a3 Re8 11. b4 Ba7 12. Bb2 Bg4 13. h3 Be6 14. Rc1 Qd7 15. Ng5 Bf5 16. Na4 d4 17. Bc4 Ne5 18. Bxd4 Nxc4 19. Rxc4 b5 20. Nc5 Bxc5 21. Rxc5 h6 22. Bxf6 gxf6 23. Qxd7 Bxd7 24. Nf3 Rac8 25. Rfc1 Rxc5 26. Rxc5 Rc8 27. Rxc8+ Bxc8 28. Nd4 Kf8 29. g4 Ke7 30. Kh2 Kd6 31. Kg3 Kd5 32. Kh4 Kc4 33. Kh5 Kc3 34. Kxh6 Kb2 35. Kg7 Kxa3 36. f3 Kxb4 37. h4 a5 38. h5 a4 39. h6 a3 40. h7 Kc3 41. h8=Q a2 42. Qh1 1-0


[Site "https://www.chess.com"]

[Event "Titled Tuesday Blitz April 19 Early 2022"]
[White "Tsyhanchuk, Stanislav"]
[Black "Tan, Jun Ying"]
[WhiteFideId "13505130"]
[BlackFideId "5710413"]
[WhiteElo "2078"]
[BlackElo "1827"]
[Result "1-0"]
[Round "03"]
[TimeControl "180+1"]
[Date "2022.04.19"]
[WhiteClock "0:00:04"]
[BlackClock "0:00:09"]

1. d4 Nf6 2. c4 e6 3. Nc3 c5 4. d5 exd5 5. cxd5 d6 6. e4 g6 7. Bd3 Bg7 8. h3 O-O 9. Nf3 Nh5 10. O-O Nd7 11. Re1 Ne5 12. Bc2 a6 13. a4 Rb8 14. Be3 b5 15. axb5 axb5 16. g4 Nxg4 17. hxg4 Bxg4 18. Kg2 f5 19. exf5 gxf5 20. Ra7 Qf6 21. Rh1 Qg6 22. Kf1 b4 23. Na4 b3 24. Bd3 Ra8 25. Rxa8 Rxa8 26. Nb6 Ra2 27. Nc4 Bxb2 28. Nxb2 Rxb2 29. Be2 Rc2 30. Rg1 Nf6 31. Bd3 Rb2 32. Bc1 Ra2 33. Qxb3 Ra1 34. Qb8+ Kg7 35. Qb7+ Kg8 36. Qb8+ Ne8 37. Qb2 Ra8 38. Ng5 h6 39. Ne6 Bh3+ 40. Ke2 Qxg1 41. Bxh6 Bf1+ 42. Kd2 Bxd3 43. Kxd3 Qxf2 44. Qxf2 Ra3+ 45. Kc4 Ra4+ 46. Kb5 Rb4+ 47. Kc6 c4 48. Qh4 Kf7 49. Qh5+ Kf6 50. Qxe8 Ke5 51. Bg7+ Ke4 52. Qh5 Ke3 53. Qh3+ Kd2 54. Qc3+ 1-0


[Site "https://www.chess.com"]

[Event "Titled Tuesday Blitz April 19 Early 2022"]
[White "Urbina Perez, Juan Antonio"]
[Black "Zakhartsov, Vladimir"]
[WhiteFideId "2217368"]
[BlackFideId "4145097"]
[WhiteElo "2192"]
[BlackElo "2491"]
[Result "0-1"]
[Round "03"]
[TimeControl "180+1"]
[Date "2022.04.19"]
[WhiteClock "0:01:00"]
[BlackClock "0:01:10"]

1. e4 c5 2. Nf3 d6 3. Bb5+ Nd7 4. d4 cxd4 5. Qxd4 a6 6. Bxd7+ Bxd7 7. Nc3 e5 8. Qd3 h6 9. Nd2 b5 10. O-O Nf6 11. Rd1 Be7 12. Nf1 b4 13. Nd5 Nxd5 14. Qxd5 Rc8 15. Ne3 O-O 16. Qd3 Bb5 17. Qd2 a5 18. Nd5 Bg5 19. Qe1 Rxc2 20. Bxg5 Qxg5 21. b3 Rfc8 22. g3 Re2 23. Qf1 Rcc2 24. h4 Qg4 25. Qg2 Rxf2 26. Qxf2 Rxf2 27. Kxf2 Qe2+ 28. Kg1 Qxe4 29. Rac1 Kh7 30. Rd2 Bc6 31. Rcd1 Bb7 32. Kf2 Qf5+ 33. Kg1 Qf3 34. Kh2 Bc6 35. Kh3 f5 36. Kh2 Bb7 37. Ne7 Be4 38. Nd5 f4 39. gxf4 exf4 40. Rg1 Bxd5 0-1


[Site "https://www.chess.com"]